 Dungeon Crawl Stone Soup version 0.29.1-15-g9cfb28693d (webtiles) character file.

Game seed: 13012356448102991809

1731 BeingJoeMalik the Spear-Bearer (level 9, -2/50 HPs)
             Began as a Tengu Fighter on Mar 11, 2023.
             Was a Follower of Dithmenos.
             Slain by a steam dragon (9 damage)
             ... on level 5 of the Dungeon.
             The game lasted 00:17:20 (7717 turns).

BeingJoeMalik the Spear-Bearer (Tengu Fighter)      Turns: 7717, Time: 00:17:21

Health: -2/50      AC:  8    Str: 17    XL:     9   Next: 5%
Magic:  10/10      EV:  9    Int:  9    God:    Dithmenos [*.....]
Gold:   576        SH: 10    Dex: 17    Spells: 8/8 levels left

rFire   . . .      SeeInvis .   a - +0 trident
rCold   . . .      Faith    +   i - +0 kite shield
rNeg    . . .      Spirit   .   b - +0 scale mail
rPois   +          Reflect  .   (helmet restricted)
rElec   .          Harm     .   j - +0 cloak
rCorr   +          Rampage  .   (no gloves)
Will    .....                   (boots unavailable)
Stlth   ..........              E - amulet of faith
HPRegen 0.16/turn               t - ring of poison resistance
MPRegen 0.12/turn               D - ring of resist corrosion

@: flying quickly and evasively, wreathed by umbra, quick
A: beak, talons 3, nimble flight
a: Renounce Religion


You were on level 5 of the Dungeon.
You worshipped Dithmenos.
Dithmenos was aware of your devotion.
You visited 2 branches of the dungeon, and saw 7 of its levels.
You also visited: Ossuary.

You collected 576 gold pieces.

Inventory:

Hand Weapons
 a - a +0 trident (weapon)
 J - a +0 spear of pain
Missiles
 H - 2 throwing nets (quivered)
Armour
 b - a +0 scale mail (worn)
 c - a +0 buckler
 i - a +0 kite shield (worn)
 j - a +0 cloak (worn)
 B - a +2 robe of positive energy
Jewellery
 t - a ring of poison resistance (left hand)
 C - a ring of fire
 D - a ring of resist corrosion (right hand)
 E - an amulet of faith (around neck)
Wands
 F - a wand of charming (18)
Scrolls
 e - 3 scrolls of amnesia {unknown}
 g - 3 scrolls of vulnerability {unknown}
 k - 3 scrolls of magic mapping
 m - a scroll of enchant weapon {unknown}
 n - a scroll of summoning {unknown}
 o - 4 scrolls of teleportation {unknown}
 p - a scroll of brand weapon {unknown}
 r - 3 scrolls of blinking {unknown}
 s - 2 scrolls of torment {unknown}
 y - 2 scrolls of identify
Potions
 d - 2 potions of mutation
 f - 2 potions of curing
 h - a potion of invisibility
 l - 2 potions of lignification
 q - 3 potions of haste
 u - 2 potions of degeneration
 v - 3 potions of flight {unknown}
 w - 3 potions of magic {unknown}
 x - a potion of heal wounds {unknown}
 z - 2 potions of might
 A - a potion of brilliance {unknown}
 G - a potion of cancellation {unknown}
 I - a potion of attraction {unknown}


   Skills:
 - Level 3.0 Fighting
 + Level 11.1 Polearms
 - Level 3.2 Armour
 + Level 6.1 Shields


You had 8 spell levels left.
You didn't know any spells.
Your spell library contained the following spells:

 Spells                   Type           Power      Damage    Failure   Level
 Sandblast                Erth           0%         2d4       98%         1
 Slow                     Hex            0%         N/A       98%         1
 Passwall                 Tmut/Erth      0%         N/A       99%         2
 Confusing Touch          Hex            0%         N/A       100%        3
 Gell's Gravitas          Tloc           0%         N/A       100%        3
 Lesser Beckoning         Tloc           0%         N/A       100%        3
 Stone Arrow              Conj/Erth      0%         3d7       100%        3
 Teleport Other           Tloc           0%         N/A       100%        3
 Vampiric Draining        Necr           0%         2d6       100%        3


Dungeon Overview and Level Annotations

Branches:
Dungeon (6/15)             Temple (1/1) D:6         Ossuary (visited)

Altars:
Ashenzari
Cheibriados
Dithmenos
Elyvilon
Fedhas
Kikubaaqudgha
Makhleb
Nemelex Xobeh
Okawaru
Qazlal
Sif Muna
Trog
Uskayaw
Vehumet
Wu Jian
Yredelemnul
The Shining One

Annotations:
D:5 1 runed translucent door


Innate Abilities, Weirdness & Mutations

You have a beak for a mouth.
You have claws for feet.
Your magical nature lets you fly swiftly and evasively.


Message History

The ball of steam hits you!
You reach to attack!
You closely miss the steam dragon.
The steam dragon is heavily wounded.
The gnoll bouda gazes fiercely through you!
You feel your attacks grow feeble.
The howler monkey hoots and howls with incredible vigour!
You block the gnoll's attack. You block the steam dragon's attack.
The steam dragon claws you.
You fly upwards.
Level annotation: 1 runed translucent door
There is a stone staircase leading down here.
You barely miss the steam dragon. Your kick misses the steam dragon.
The steam dragon is heavily wounded.
The gnoll hits you with a +0 flail. You block the steam dragon's attack.
The steam dragon claws you.
You barely miss the steam dragon. Your peck misses the steam dragon.
The steam dragon is heavily wounded.
You block the gnoll's attack. The steam dragon breathes steam at you.
The ball of steam hits you!!
* * * LOW HITPOINT WARNING * * *
Unknown command.
Your attacks no longer feel as feeble.
You block the steam dragon's attack. The steam dragon misses you.
Unknown command.
You barely miss the steam dragon. Your kick misses the steam dragon.
Your peck misses the steam dragon.
The steam dragon is heavily wounded.
The steam dragon closely misses you. You block the steam dragon's attack.
You barely miss the steam dragon. Your kick misses the steam dragon.
Your peck misses the steam dragon.
The steam dragon is heavily wounded.
You block the steam dragon's attack. The steam dragon barely misses you.
You closely miss the steam dragon. You claw the steam dragon.
The steam dragon is heavily wounded.
The gnoll is engulfed in a cloud of scalding steam.
The gnoll hits you with a +0 flail.
* * * LOW HITPOINT WARNING * * *
The steam dragon bites you!
You die...

#.........# #####.#######.#
#..........##.#
##########.###.####.##.#
......#....# #.# #.##.##
......#....###.####.....#
......'.[......#........####
......#........#.D.........#
......+........#@g).##.....# #
......#.......##....##.....######
..............'.....##.......#...
...####.......##.##......(...#...
...#..........##.............#...
...............##................
................+.......>........
...............##.......###......
..##....................###....##


You could see a steam dragon and a gnoll (swift).

Vanquished Creatures
  Sigmund (D:4)
  A black bear (D:6)
  2 ogres
  3 phantoms (D:5)
  A necrophage (D:6)
  5 scorpions (D:5)
  A howler monkey (D:4)
  A hound (D:4)
  An orc priest (D:4)
  2 gnoll boudas
  An iguana (D:4)
  Terence (D:3)
  8 mummies (Ossuary)
  16 gnolls
  9 adders
  A river rat (D:4)
  A white imp (D:5)
  2 ufetubi
  4 worms
  4 dart slugs
  23 orcs
  4 endoplasms
  6 giant cockroaches
  A gnoll zombie (Ossuary)
  3 hobgoblins (D:4)
  20 jackals
  2 quokkas
  4 ball pythons
  10 bats
  5 frilled lizards
  7 goblins
  2 hobgoblin zombies (Ossuary)
  6 kobolds
  5 kobold zombies (Ossuary)
  6 rats
169 creatures vanquished.

Vanquished Creatures (others)
  3 plants (D:4)
3 creatures vanquished.

Grand Total: 172 creatures vanquished

Notes
Turn   | Place    | Note
-------+----------+-------------------------------------------
     0 | D:1      | BeingJoeMalik the Tengu Fighter began the quest for the
                  | Orb.
     0 | D:1      | Reached XP level 1. HP: 14/14 MP: 2/2
   191 | D:1      | Reached XP level 2. HP: 19/19 MP: 3/3
   213 | D:1      | Reached skill level 3 in Polearms
   477 | D:1      | You fall into a shaft and drop 1 floor!
   823 | D:1      | Reached XP level 3. HP: 23/23 MP: 4/4
  1427 | D:2      | Reached skill level 4 in Polearms
  1528 | D:2      | Reached XP level 4. HP: 18/28 MP: 5/5
  1879 | D:3      | Noticed Terence
  1891 | D:3      | Killed Terence
  1892 | D:3      | Reached skill level 5 in Polearms
  1895 | D:3      | Gained mutation: Your magical nature lets you fly swiftly
                  | and evasively. [Tengu growth]
  1895 | D:3      | Reached XP level 5. HP: 25/32 MP: 6/6
  2456 | D:4      | Noticed Sigmund
  2501 | D:4      | Found a sand-covered staircase.
  2506 | Ossuary  | Entered an ossuary
  2680 | Ossuary  | Reached skill level 6 in Polearms
  2967 | Ossuary  | Reached XP level 6. HP: 36/37 MP: 7/7
  3365 | D:4      | Killed Sigmund
  3366 | D:4      | Reached skill level 7 in Polearms
  3366 | D:4      | Reached XP level 7. HP: 38/41 MP: 8/8
  3523 | D:5      | Entered Level 5 of the Dungeon
  3611 | D:5      | Reached skill level 8 in Polearms
  3937 | D:5      | Found a runed translucent door.
  3951 | D:5      | Reached skill level 9 in Polearms
  4592 | D:5      | Reached XP level 8. HP: 42/46 MP: 9/9
  4687 | D:5      | Found an ancient bone altar of Kikubaaqudgha.
  4843 | D:6      | Found a staircase to the Ecumenical Temple.
  4850 | Temple   | Entered the Ecumenical Temple
  5066 | Temple   | Became a worshipper of Dithmenos the Shadowed
  5784 | D:4      | Reached skill level 10 in Polearms
  6039 | D:4      | Reached skill level 5 in Shields
  6479 | D:4      | Reached * piety under Dithmenos
  7459 | D:5      | Reached skill level 11 in Polearms
  7459 | D:5      | Reached XP level 9. HP: 37/50 MP: 10/10
  7717 | D:5      | Slain by a steam dragon

Illustrated notes

Levels and vault maps discovered:
D:1:      lemuel_arrival_broad_hall, layout_loops_corners, st_stairs_10
D:2:      wander_river, layout_rooms
D:3:      layout_loops_ring, amcnicky_mini_rare_corridor_liquid,
          minmay_misc_feat_square, minmay_close_crescents, uniq_terence
D:4:      lemuel_castle_with_subvaults [lemuel_castle_interior_carwin_1],
          layout_cave_pools, enter_ossuary_5, portal_sewer_entry_a, uniq_sigmund
D:5:      layout_basic, mainiacjoe_overflow_alcove_2, lightli_church_of_beogh
D:6:      layout_cave_pools, minmay_temple_entry_slanted,
          minmay_misc_feat_more_columns
Temple:   regret_index_temple_sphere_string

Skill      XL: |  1  2  3  4  5  6  7  8 |
---------------+-------------------------+-----
Polearms       | 3 4 5 6 7 9 11 | 11.1
Shields        | 4 6 |  6.1
Fighting       | |  3.0
Armour         | |  3.2

Action                   |  1- 3 |  4- 6 |  7- 9 || total
-------------------------+-------+-------+-------++-------
Melee: Trident           |   109 |   145 |   351 ||   605
       Kick              |    16 |    32 |    88 ||   136
       Peck              |    13 |    26 |    57 ||    96
  Use: Potion            |       |     4 |     2 ||     6
       Scroll            |       |     5 |       ||     5
Armor: Scale mail        |    36 |    25 |    83 ||   144
       Skin              |       |       |     2 ||     2
Dodge: Dodged            |    28 |    49 |   130 ||   207
Block: Buckler           |    15 |    28 |     3 ||    46
       Kite shield       |       |       |   150 ||   150
